 Dungeon Crawl Stone Soup version 0.20-a0-1122-gb7cbeb9 (webtiles) character file.

2324 Mesmaeker13 the Charmwright (level 9, -6/61 HPs)
             Began as a Human Skald on May 14, 2017.
             Was an Elder of Okawaru.
             Mangled by a wight
             ... wielding a +4 great sword
              (8 damage)
             ... on level 7 of the Dungeon.
             The game lasted 00:19:16 (8361 turns).

Mesmaeker13 the Charmwright (Human Skald)           Turns: 8361, Time: 00:19:18

Health: -6/61      AC:  7    Str: 13    XL:     9   Next: 69%
Magic:  6/12       EV: 20    Int: 16    God:    Okawaru [****..]
Gold:   421        SH:  0    Dex: 17    Spells: 1/12 levels left

rFire    + . .     SeeInvis .   a - +1 falchion
rCold    + . .     Gourm    .   (no shield)
rNeg     . . .     Faith    .   b - +0 leather armour
rPois    .         Spirit   .   C - +0 helmet
rElec    .         Reflect  .   H - +0 cloak
rCorr    .         Harm     .   l - +1 pair of gloves
MR       .....                  (no boots)
Stlth    ++........             m - amulet of magic regeneration
Regen    0.2/turn               w - ring of protection from cold
MPRegen  0.2/turn               v - ring of protection from fire

@: agile, drained
A: no striking features
a: Heroism, Renounce Religion


You were on level 7 of the Dungeon.
You worshipped Okawaru.
Okawaru was greatly pleased with you.
You were not hungry.

You visited 1 branch of the dungeon, and saw 7 of its levels.

You collected 421 gold pieces.

Inventory:

Hand Weapons
 a - a +1 falchion (weapon)
 g - a +2 dagger of flaming
 q - a +1 dagger of flaming
 z - a cursed -1 blowgun
Missiles
 A - 47 poisoned needles
Armour
 b - a +0 leather armour (worn)
 l - a +1 pair of gloves (worn)
 n - a +0 ring mail
 C - a +0 helmet (worn)
 H - a +0 cloak (worn)
Jewellery
 m - an amulet of magic regeneration (around neck)
 v - a ring of protection from fire (right hand)
 w - a ring of protection from cold (left hand)
 K - an uncursed ring of wizardry {unknown}
Wands
 t - a wand of polymorph (15/24)
 I - a wand of digging (12/24)
 J - a wand of confusion (13/48)
 L - a wand of enslavement (11/24)
Scrolls
 e - a scroll of teleportation
 j - a scroll of immolation {unknown}
 r - a scroll of remove curse
 s - 2 scrolls of fog
 u - a scroll of noise {unknown}
 y - 2 scrolls of magic mapping {unknown}
 B - 3 scrolls of recharging {unknown}
 D - a scroll of enchant armour {unknown}
 E - a scroll of blinking {unknown}
 F - a scroll of enchant weapon
Potions
 h - a potion of flight {unknown}
 i - a potion of ambrosia {unknown}
 o - a potion of resistance {unknown}
 p - a potion of agility
 x - a potion of might {unknown}
 G - a potion of cancellation {unknown}
 O - a potion of berserk rage {unknown}
Books
 c - a book of Battle

   Spells                             Type                      Level
   a - Infusion                       Charms                       1
   b - Shroud of Golubria             Charms/Translocation         2
   c - Song of Slaying                Charms                       2
   d - Spectral Weapon                Hexes/Charms                 3
   e - Regeneration                   Charms/Necromancy            3
 k - a book of Maledictions

   Spells                             Type                      Level
   a - Corona                         Hexes                        1
   b - Ensorcelled Hibernation        Hexes/Ice                    2
   c - Confuse                        Hexes                        3
   d - Tukima's Dance                 Hexes                        3
   e - Dazzling Spray                 Conjuration/Hexes            3
 N - a book of Cantrips

   Spells                             Type                      Level
   a - Confusing Touch                Hexes                        1
   b - Animate Skeleton               Necromancy                   1
   c - Summon Small Mammal            Summoning                    1
   d - Apportation                    Translocation                1
Comestibles
 d - 2 bread rations
 f - 5 meat rations
 M - 10 chunks of flesh


   Skills:
 - Level 2.0(1.2) Fighting
 + Level 6.6(5.8) Long Blades
 - Level 1.0(0.3) Armour
 + Level 6.6(5.8) Dodging
 - Level 2.0(1.2) Spellcasting
 + Level 5.5(4.7) Hexes
 + Level 6.8(6.0) Charms


You had one spell level left.
You knew the following spells:

 Your Spells              Type           Power        Failure   Level  Hunger
a - Infusion              Chrm           ###.         2%          1    ##.....
b - Song of Slaying       Chrm           ###.....     3%          2    ###....
c - Spectral Weapon       Hex/Chrm       ###.....     9%          3    ####...
d - Shroud of Golubria    Chrm/Tloc      ##........   12%         2    ###....
e - Regeneration          Chrm/Necr      ##........   24%         3    ####...


Dungeon Overview and Level Annotations

Branches:
Dungeon (7/15)             Temple (0/1) D:6

Altars:
Dithmenos
Gozag
Okawaru
Ru
Uskayaw
Wu Jian
Xom
Yredelemnul

Shops:
D:5 [


Message History

You barely miss the wight.
The wight is severely damaged.
Your spectral weapon closely misses the wight.
You hit the wight.
The wight is severely damaged.
Your spectral weapon barely misses the wight.
The wight hits you with an enchanted great sword!
You feel drained.
* * * LOW HITPOINT WARNING * * *
You hit the wight.
The wight is almost destroyed.
Your spectral weapon barely misses the wight.
The wight hits you with an enchanted great sword!
* * * LOW HITPOINT WARNING * * *
You feel drained.
* * * LOW HITPOINT WARNING * * *
It was a potion of agility.
You feel agile all of a sudden.
The wight hits you with an enchanted great sword!
You die...

#.......<.............###...
#.................#....# # .
##.................##...## ##
..##..................###...###.
.........##.#..........###...##.
.>......###.#............##.....
.#......###....#....#..##.#.....
#.......#....###.......# #.....
##............@(#...#...#.#....
..............##z#........##....
.##....#........................
#.............##.#.............
.........#..#.....#..........###
............................# #
#########.#############...... #
...†zz..#.#...........# .... .
##.####.#.#.####.####.#...... .


You could see a wight and a friendly spectral falchion.

Vanquished Creatures
  Menkaure (D:7)
  A water moccasin (D:5)
  2 sky beasts
  A hornet zombie (D:6)
  3 ice beasts
  A phantom (D:5)
  An ogre (D:6)
  2 centaurs
  A bullfrog (D:7)
  2 scorpions
  2 wights (D:7)
  5 howler monkeys
  A centaur zombie (D:5)
  2 hounds (D:7)
  5 jellies
  2 orc priests
  2 iguanas (D:4)
  2 orc wizards
  4 worker ants
  A hound zombie (D:6)
  A hound skeleton (D:6)
  11 adders
  4 oozes
  An adder zombie (D:6)
  4 worms
  A dart slug (D:1)
  6 leopard geckos
  13 orcs
  10 bats
  2 giant cockroaches
  2 gnoll zombies (D:3)
  7 goblins
  8 hobgoblins
  14 jackals
  A quokka (D:2)
  2 ball pythons
  7 frilled lizards
  17 kobolds
  A leopard gecko zombie (D:5)
  A quokka zombie (D:5)
  6 rats
160 creatures vanquished.

Vanquished Creatures (others)
  2 spectral weapons
2 creatures vanquished.

Grand Total: 162 creatures vanquished

Notes
Turn   | Place    | Note
-------+----------+-------------------------------------------
     0 | D:1      | Mesmaeker13 the Human Skald began the quest for the Orb.
     0 | D:1      | Reached XP level 1. HP: 16/16 MP: 3/3
   112 | D:1      | Reached XP level 2. HP: 22/22 MP: 3/5
   433 | D:1      | Reached XP level 3. HP: 21/27 MP: 6/6
   994 | D:2      | Learned a level 2 spell: Song of Slaying
  1085 | D:2      | Found an iron altar of Okawaru.
  1274 | D:2      | Became a worshipper of Warmaster Okawaru
  1481 | D:2      | Reached XP level 4. HP: 33/33 MP: 2/7
  1721 | D:2      | Reached XP level 5. HP: 25/38 MP: 1/8
  2408 | D:3      | Learned a level 3 spell: Spectral Weapon
  2439 | D:3      | Found an opulent altar of Gozag.
  2454 | D:3      | Found a shadowy altar of Dithmenos.
  3107 | D:3      | Reached XP level 6. HP: 39/44 MP: 4/9
  3116 | D:3      | Found a sacrificial altar of Ru.
  3174 | D:3      | Found a basalt altar of Yredelemnul.
  3405 | D:4      | Reached skill level 1 in Hexes
  3441 | D:4      | Found a shimmering altar of Xom.
  4150 | D:4      | Learned a level 2 spell: Shroud of Golubria
  4474 | D:5      | Entered Level 5 of the Dungeon
  4521 | D:5      | Found Pafina's Antique Armour Shoppe.
  4636 | D:5      | Reached * piety under Okawaru
  4636 | D:5      | Reached XP level 7. HP: 39/50 MP: 5/10
  4963 | D:5      | Noticed a water moccasin
  4973 | D:5      | Killed a water moccasin
  4973 | D:5      | Reached skill level 5 in Charms
  5300 | D:5      | Reached ** piety under Okawaru
  5515 | D:5      | Reached XP level 8. HP: 32/56 MP: 4/11
  5729 | D:5      | Reached skill level 5 in Long Blades
  6020 | D:5      | Found an ornate altar of the Wu Jian Council.
  6058 | D:5      | Reached skill level 5 in Dodging
  6533 | D:6      | HP: 1/56 [hornet zombie (9)]
  6537 | D:6      | Reached *** piety under Okawaru
  7304 | D:6      | Found a staircase to the Ecumenical Temple.
  7329 | D:6      | Noticed a dagger
  7338 | D:6      | Reached XP level 9. HP: 52/61 MP: 9/12
  7343 | D:6      | Noticed a hand axe
  7350 | D:6      | Found a hide-covered altar of Uskayaw.
  7913 | D:7      | Noticed Menkaure
  7931 | D:7      | Killed Menkaure
  7931 | D:7      | Reached skill level 5 in Hexes
  8002 | D:7      | Learned a level 3 spell: Regeneration
  8276 | D:7      | Reached **** piety under Okawaru
  8360 | D:7      | HP: 2/61 [wight/enchanted great sword (5)]
  8361 | D:7      | Mangled by a wight

Vault maps used:
D:1:      scummos_arrival_gate, hangedman_decor_growths, minmay_split_cup_small
D:2:      old_standard_altar, serial_bayou_pond_b
D:3:      grunt_dithmenos_smoke, nicolae_gozag_cash_rules_everything_around_me,
          lemuel_zombie_altar_yredelemnul, nicolae_overflow_crystal_walls,
          first_bread
D:4:      lemuel_crystal_altar, st_stairs_11, grunt_decor_mini_mirrors
D:5:      marbit_many_paths, serial_shops,
          nicolae_shop_temple_entry_statues_fountains
D:6:      dancing_weapons_uskayaw, minmay_temple_entry_statues
D:7:      lemuel_round_altar, enter_ossuary_2, the_bakery, roderic_lattice_a,
          minmay_misc_feat_four_crosses, uniq_menkaure

Skill      XL: |  1  2  3  4  5  6  7  8  9 |
---------------+----------------------------+-----
Dodging        | 3 4 5 6 |  6.6
Long Blades    | 3 4 5 6 |  6.6
Charms         | 4 5 6 |  6.8
Hexes          | 1 2 4 5 |  5.5
Fighting       | |  2.0
Armour         | |  1.0
Spellcasting   | |  2.0

Action                   |  1- 3 |  4- 6 |  7- 9 || total
-------------------------+-------+-------+-------++-------
Melee: Falchion          |    82 |   190 |   270 ||   542
Throw: Throwing net      |       |       |     1 ||     1
 Cast: Infusion          |     9 |    18 |    17 ||    44
       Song of Slaying   |       |     1 |     2 ||     3
       Spectral Weapon   |       |     3 |    20 ||    23
       Shroud of Golubri |       |       |     3 ||     3
       Regeneration      |       |       |     3 ||     3
  Use: Scroll            |       |     7 |     1 ||     8
       Potion            |       |       |     5 ||     5
 Stab: Sleeping          |     1 |       |       ||     1
       Distracted        |       |       |     2 ||     2
  Eat: Chunk             |     2 |    11 |     7 ||    20
       Meat ration       |       |       |     1 ||     1
       Bread ration      |       |       |     1 ||     1
Armor: Leather armour    |    19 |    47 |    77 ||   143
Dodge: Dodged            |    51 |   168 |   167 ||   386
       Rpst.: Falchion   |    14 |    54 |    47 ||   115
